 Dungeon Crawl Stone Soup version 0.27.0-1-g7a089689b8 (webtiles) character file.

Game seed: 13224692230672582338

115 Sweetruy1997 the Cudgeller (level 4, -2/42 HPs)
             Began as a Troll Warper on Aug 5, 2021.
             Slain by a gnoll (3 damage)
             ... on level 2 of the Dungeon.
             The game lasted 00:03:25 (1485 turns).

Sweetruy1997 the Cudgeller (Troll Warper)           Turns: 1485, Time: 00:03:25

Health: -2/42      AC:  4    Str: 19    XL:     4   Next: 68%
Magic:  5/5        EV: 10    Int: 10    God:
Gold:   86         SH:  0    Dex:  9    Spells: 4/6 levels left

rFire    . . .     SeeInvis .   a - +0 mace
rCold    . . .     Faith    .   (no shield)
rNeg     . . .     Spirit   .   b - +0 robe
rPois    .         Reflect  .   (helmet restricted)
rElec    .         Harm     .   (no cloak)
rCorr    .         Rampage  .   (gloves unavailable)
Will     .....                  (boots unavailable)
Stlth    +.........             (no amulet)
HPRegen  1.14/turn              (no ring)
MPRegen  0.09/turn              (no ring)

@: no status effects
A: large, unfitting armour, claws 3, regeneration 1, shaggy fur 1, tough skin 1
a: no special abilities


You were on level 2 of the Dungeon.
You visited 1 branch of the dungeon, and saw 2 of its levels.

You collected 86 gold pieces.

Inventory:

Hand Weapons
 a - a +0 mace (weapon)
Armour
 b - a +0 robe (worn)
Scrolls
 c - a scroll of blinking
 f - a scroll of brand weapon {unknown}
 g - 4 scrolls of amnesia {unknown}
 i - 2 scrolls of identify {unknown}
Potions
 e - 3 potions of curing {unknown}
 h - a potion of ambrosia {unknown}


   Skills:
 - Level 2.0 Fighting
 + Level 3.2 Maces & Flails
 - Level 1.0 Throwing
 - Level 2.0 Dodging
 + Level 0.2 Stealth
 + Level 1.5 Spellcasting
 + Level 2.7 Translocations


You had 4 spell levels left.
You knew the following spells:

 Your Spells              Type           Power      Damage    Failure   Level
a - Blink                 Tloc           N/A        N/A       16%         2

Your spell library contained the following spells:

 Spells                   Type           Power      Damage    Failure   Level
 Gell's Gravitas          Tloc           3%         N/A       32%         3
 Lesser Beckoning         Tloc           3%         N/A       32%         3
 Teleport Other           Tloc           6%         N/A       32%         3
 Manifold Assault         Tloc           6%         N/A       96%         5


Dungeon Overview and Level Annotations

Branches:
Dungeon (2/15)

Altars:


Innate Abilities, Weirdness & Mutations

You are too large for most types of armour.
You have claws for hands.
Your natural rate of healing is unusually fast.
You are covered in fur. (AC +1)
You have tough skin. (AC +1)


Message History

The gnoll hits you from afar with a +0 spear.
The gnoll closely misses you. x2
The gnoll barely misses you.
You closely miss the gnoll.
The gnoll hits you with a +2 vorpal spear.
You hit the gnoll.
The gnoll is moderately wounded.
The gnoll barely misses you. x2
You closely miss the gnoll.
The gnoll is moderately wounded.
The gnoll misses you.
The gnoll hits you from afar with a +0 spear.
The gnoll barely misses you.
The gnoll hits you from afar with a +0 spear.
You barely miss the gnoll.
The gnoll is lightly wounded.
The gnoll hits you with a +2 vorpal spear.
* * * LOW HITPOINT WARNING * * *
x2 The gnoll hits you from afar with a +0 spear.
* * * LOW HITPOINT WARNING * * *
The gnoll misses you. The gnoll hits you with a +0 spear.
* * * LOW HITPOINT WARNING * * *
The gnoll misses you.
You closely miss the gnoll.
The gnoll is severely wounded.
The gnoll barely misses you. The gnoll closely misses you.
You thump the gnoll!
You kill the gnoll!
The gnoll closely misses you.
The gnoll hits you with a +2 vorpal spear!
* * * LOW HITPOINT WARNING * * *
x2
Things that are here:
a +0 spear; a gnoll corpse You hit the gnoll.
The gnoll is moderately wounded.
The gnoll hits you with a +2 vorpal spear.
* * * LOW HITPOINT WARNING * * *
x2 The gnoll hits you with a +2 vorpal spear.
You die...

#..# #....# #......
#.## #>...## ##..#.#
#.# #.....######...#.#
#(# #...#..........#..
#)# #####.............
#)# #........#####
#####†# ##.......# #
#.....########....#####
.##..##.##.g@...)#.##
.........#.#######.#
............# #.#
....[.......# #.#
....#.......# #..
.......#.#### ###
.##....#.# .##....#.#
.........#


You could see a gnoll.

Vanquished Creatures
  3 gnolls (D:2)
  5 adders (D:2)
  A worm (D:2)
  A dart slug (D:1)
  5 ball pythons
  An endoplasm (D:1)
  A giant cockroach (D:1)
  2 goblins (D:1)
  7 hobgoblins
  5 jackals (D:2)
  2 quokkas
  2 bats
  A kobold (D:1)
36 creatures vanquished.

Notes
Turn   | Place    | Note
-------+----------+-------------------------------------------
     0 | D:1      | Sweetruy1997 the Troll Warper began the quest for the Orb.
     0 | D:1      | Reached XP level 1. HP: 19/19 MP: 1/1
   122 | D:1      | Reached skill level 2 in Maces & Flails
   122 | D:1      | Reached XP level 2. HP: 27/27 MP: 3/3
   671 | D:1      | Reached skill level 1 in Throwing
   968 | D:2      | Found a faded altar of an unknown god.
  1068 | D:2      | Learned a level 2 spell: Blink
  1094 | D:2      | Reached XP level 3. HP: 26/35 MP: 4/4
  1331 | D:2      | Reached XP level 4. HP: 27/42 MP: 5/5
  1448 | D:2      | Reached skill level 3 in Maces & Flails
  1485 | D:2      | HP: 2/42 [gnoll (3)]
  1485 | D:2      | Slain by a gnoll

Illustrated notes

Levels and vault maps discovered:
D:1:      psy_arrival_radial01, layout_loops_corners
D:2:      layout_rooms, chequers_ecumenical_altar_simple, skrybe_limestone_x,
          minmay_snake_closets

Skill      XL: |  1  2  3  4 |
---------------+-------------+-----
Dodging        | 2 |  2.0
Maces & Flails | 2 3 |  3.2
Throwing       | 1 |  1.0
Fighting       | 2 |  2.0
Stealth        | |  0.2
Spellcasting   | |  1.5
Translocations | |  2.7

Action                   |  1- 3 |  4- 6 || total
-------------------------+-------+-------++-------
Melee: Mace              |   102 |    39 ||   141
Throw: Boomerang         |     3 |     2 ||     5
 Cast: Blink             |       |     2 ||     2
 Stab: Sleeping          |     1 |       ||     1
Armor: Robe              |    52 |     5 ||    57
Dodge: Dodged            |    82 |    36 ||   118
